 Dungeon Crawl Stone Soup version 0.19-a0-1608-g4cf22de (webtiles) character file.

356 Amnesiac the Twirler (level 6, -2/48 HPs)
             Began as a Mummy Gladiator on Sept 18, 2016.
             Slain by a centaur (9 damage)
             ... on level 5 of the Dungeon.
             The game lasted 00:02:32 (2050 turns).

Amnesiac the Twirler (Mummy Gladiator)              Turns: 2050, Time: 00:02:32

Health: -2/48      AC:  5    Str: 18    XL:     6   Next: 36%
Magic:  6/6        EV: 12    Int:  8    God:
Gold:   103        SH:  0    Dex: 14    Spells: 0 memorised, 5 levels left

rFire  x . .     SeeInvis .     a - +0 quarterstaff
rCold  + . .     Gourm    .     b - +0 leather armour
rNeg   + + +     Faith    .     (shield currently unavailable)
rPois  ∞         Spirit   .     c - +0 helmet
rElec  .         Dismiss  .     e - +0 cloak
rCorr  .         Reflect  .     (no gloves)
MR     .....     Harm     .     (no boots)
Stlth  +.........               (no amulet)
                                (no ring)
                                (no ring)

@: no status effects
A: no food or potions, fire vulnerability, cold resistance 1, negative energy
resistance 3, torment resistance, unbreathing
a: no special abilities


You were on level 5 of the Dungeon.
You were not hungry.

You visited 1 branch of the dungeon, and saw 5 of its levels.

You collected 103 gold pieces.

Inventory:

Hand Weapons
 a - a +0 quarterstaff (weapon)
Missiles
 d - 3 throwing nets (quivered)
Armour
 b - a +0 leather armour (worn)
 c - a +0 helmet (worn)
 e - a +0 cloak (worn)
Jewellery
 o - an uncursed ring of fire {unknown}
Wands
 k - a wand of paralysis (2/24)
Scrolls
 f - 2 scrolls of enchant weapon {unknown}
 g - a scroll of fog {unknown}
 h - a scroll of recharging {unknown}
 i - 3 scrolls of magic mapping {unknown}
 j - 2 scrolls of remove curse {unknown}
 l - a scroll of random uselessness {unknown}
 n - 2 scrolls of identify {unknown}
Books
 m - a book of Battle

   Spells                             Type                      Level
   a - Infusion                       Charms                       1
   b - Shroud of Golubria             Charms/Translocation         2
   c - Song of Slaying                Charms                       2
   d - Spectral Weapon                Hexes/Charms                 3
   e - Regeneration                   Charms/Necromancy            3


   Skills:
 + Level 4.2 Fighting
 * Level 5.0 Staves
 - Level 1.5 Throwing
 - Level 2.4 Dodging


You had 5 spell levels left.
You didn't know any spells.

Dungeon Overview and Level Annotations

Branches:
Dungeon (5/15)
 Temple: D:4-7

Altars:
Hepliaklqana
Makhleb
Nemelex Xobeh
Okawaru


Innate Abilities, Weirdness & Mutations

You do not eat or drink.
Your flesh is vulnerable to fire.
You are immune to poison.
Your flesh is cold resistant. (rC+)
You are immune to negative energy. (rN+++)
You are immune to unholy pain and torment.
You can survive without breathing.


Message History

The centaur closely misses you.
You hit the centaur.
The centaur is moderately wounded.
The centaur misses you. The centaur hits you.
* * * LOW HITPOINT WARNING * * *
You are too injured to fight recklessly!
You are too injured to fight recklessly!
You are too injured to fight recklessly!
You are too injured to fight recklessly!
You are too injured to fight recklessly!
You are too injured to fight recklessly!
You hit the centaur but do no damage.
The centaur is moderately wounded.
The centaur barely misses you.
You completely miss the centaur.
The centaur is moderately wounded.
The centaur hits you.
* * * LOW HITPOINT WARNING * * *
The centaur hits you!
You die...

#...........#
#...........#
#...........########
#...........<.......
####################
#.. #.# #c# #@#
######(# #....(.#
###########.######
.................#
###########.####.#
#.# #.# #.#


You could see a centaur.

Vanquished Creatures
  A phantom (D:4)
  A howler monkey (D:4)
  2 hounds
  An orc wizard (D:4)
  2 orc priests (D:4)
  2 worker ants (D:4)
  An adder (D:3)
  An ooze (D:4)
  An adder skeleton (D:4)
  A worm (D:2)
  A dart slug (D:3)
  5 orcs (D:4)
  A giant cockroach (D:3)
  A goblin (D:4)
  2 jackals (D:4)
  2 kobolds (D:2)
  A quokka (D:5)
  2 frilled lizards
  A jackal skeleton (D:4)
  A leopard gecko skeleton (D:4)
30 creatures vanquished.

Notes
Turn   | Place    | Note
-------+----------+-------------------------------------------
     0 | D:1      | Amnesiac the Mummy Gladiator began the quest for the Orb.
     0 | D:1      | Reached XP level 1. HP: 16/16 MP: 1/1
    32 | D:2      | Found a burning altar of Makhleb.
   261 | D:4      | Noticed an orc wizard
   261 | D:4      | Noticed an orc priest
   295 | D:3      | Reached XP level 2. HP: 23/23 MP: 2/2
   348 | D:3      | Found a hazy altar of Hepliaklqana.
   348 | D:3      | Found an iron altar of Okawaru.
   386 | D:4      | Reached skill level 3 in Staves
   386 | D:4      | Reached XP level 3. HP: 16/28 MP: 3/3
   549 | D:4      | Noticed a phantom
   706 | D:4      | Noticed a phantom
   710 | D:4      | Reached XP level 4. HP: 31/35 MP: 4/4
   725 | D:4      | Killed a phantom
   725 | D:4      | Reached skill level 4 in Staves
   725 | D:4      | Reached XP level 5. HP: 13/41 MP: 5/5
  1052 | D:4      | Found a sparkling altar of Nemelex Xobeh.
  1609 | D:4      | Reached XP level 6. HP: 44/48 MP: 6/6
  1870 | D:4      | Reached skill level 5 in Staves
  1972 | D:5      | Entered Level 5 of the Dungeon
  2050 | D:5      | Slain by a centaur

Vault maps used:
D:1:      minmay_arrival_jagged
D:2:      old_standard_altar, first_bread, bloody_makhleb
D:3:      gammafunk_temple_overflow_wave
D:4:      nemelex_xobeh_ov_fountains_minmay
D:5:      uniq_edmund, uniq_eustachio

Skill      XL: |  1  2  3  4  5  6 |
---------------+-------------------+-----
Staves         | 3 4 5 |  5.0
Fighting       | 3 4 |  4.2
Throwing       | |  1.5
Dodging        | |  2.4

Action                   |  1- 3 |  4- 6 || total
-------------------------+-------+-------++-------
Melee: Quarterstaff      |    42 |    70 ||   112
 Stab: Sleeping          |       |     1 ||     1
Armor: Leather armour    |    20 |     5 ||    25
Dodge: Dodged            |    40 |    36 ||    76
